 Dungeon Crawl Stone Soup version 0.28.0-47-ge53b351184 (webtiles) character file.

Game seed: 8896292816778120258

172 Antesink77 the Ruffian (level 5, -1/53 HPs)
             Began as a Troll Berserker on May 7, 2022.
             Was an Initiate of Qazlal.
             Slain by a polar bear (6 damage)
             ... created by the rage of Trog
             ... on level 4 of the Dungeon.
             The game lasted 00:17:02 (1643 turns).

Antesink77 the Ruffian (Troll Berserker)            Turns: 1643, Time: 00:17:02

Health: -1/53      AC:  4    Str: 27    XL:     5   Next: 27%
Magic:  4/4        EV: 10    Int:  3    God:    Qazlal [......]
Gold:   64         SH:  0    Dex:  9    Spells: 4/4 levels left

rFire   . . .      SeeInvis .     - Unarmed
rCold   + . .      Faith    .   (no shield)
rNeg    . . .      Spirit   .   a - +0 animal skin
rPois   .          Reflect  .   (helmet restricted)
rElec   .          Harm     .   (no cloak)
rCorr   .          Rampage  .   (gloves unavailable)
Will    .....                   (boots unavailable)
Stlth   +.........              g - amulet of the acrobat
HPRegen 0.97/turn               l - ring of protection from cold
MPRegen 0.09/turn               (no ring)

@: confused
A: large, unfitting armour, claws 3, regeneration 1, shaggy fur 1, tough skin 1
a: Renounce Religion


You were on level 4 of the Dungeon.
You worshipped Qazlal.
Qazlal was noncommittal.
You visited 1 branch of the dungeon, and saw 4 of its levels.

You collected 119 gold pieces.
You spent 55 gold pieces at shops.

Inventory:

Hand Weapons
 b - a +0 hand axe
Missiles
 c - 84 stones (quivered)
Armour
 a - a +0 animal skin (worn)
 f - a +0 chain mail
Magical Staves
 k - a staff of cold
Jewellery
 g - an amulet of the acrobat (around neck)
 l - a ring of protection from cold (left claw)
 p - a ring of wizardry
Wands
 m - a wand of acid (13)
Scrolls
 j - a scroll of torment
Potions
 d - a potion of lignification {unknown}
 e - 2 potions of degeneration {unknown}
 h - 2 potions of haste {unknown}
 i - a potion of brilliance {unknown}
 n - a potion of heal wounds
 o - a potion of attraction {unknown}


   Skills:
 + Level 3.2 Fighting
 + Level 3.2 Dodging
 + Level 4.7 Unarmed Combat


You had 4 spell levels left.
You didn't know any spells.
Your spell library was empty.

Dungeon Overview and Level Annotations

Branches:
Dungeon (4/15)
 Temple: D:4-7

Altars:
Qazlal

Shops:
D:2 (   D:3 *


Innate Abilities, Weirdness & Mutations

You are too large for most types of armour.
You have claws for hands.
Your natural rate of healing is unusually fast.
You are covered in fur. (AC +1)
You have tough skin. (AC +1)


Message History

The gnoll hits you but does no damage. The adder closely misses you.
You are now empty-clawed.
You claw the gnoll!
The gnoll is almost dead.
The gnoll hits you with a +0 whip! The adder misses you.
You scratch the gnoll.
You kill the gnoll!
Qazlal accepts your kill. The adder closely misses you.
You miss the hound. The hound bites you but does no damage.
The adder bites you but does no damage. The hound bites you but does no damage.
The adder bites you.
You scratch the hound but do no damage.
A ball python comes into view.
The hound closely misses you. The adder bites you but does no damage.
You miss the hound.
The ball python hisses angrily.
The hound bites you but does no damage. The adder closely misses you.
You scratch the hound.
The hound is lightly wounded.
The hound closely misses you. The adder bites you but does no damage.
The hound barely misses you. The adder skeleton barely misses you.
You scratch the hound.
The hound is moderately wounded.
The adder bites you. The hound closely misses you.
The adder skeleton bites you but does no damage.
Trog sends monsters to punish you. The divine experience confuses you!
You are confused. 2 polar bears and 3 black bears come into view.
You miss the black bear. The adder barely misses you.
The hound closely misses you. The adder skeleton bites you.
You miss the hound.
The hound is moderately wounded.
The hound misses you. The adder bites you. The polar bear bites you!!
Ouch! That really hurt!
* * * LOW HITPOINT WARNING * * *
The polar bear claws you.
* * * LOW HITPOINT WARNING * * *
The polar bear claws you.
You die...

#..##.#
###.......
.........
##........
#.<.......
#.........
#####..hh.....
#...gZ.h......
#.#.##@h......
.....oSh.h.....
.###.#S##......
.. .. ##...#
.## .#. .### .#
#S#. . . ## #.
# ... ..


You could see 2 polar bears, 3 black bears, a hound, an adder, an orc, a
hobgoblin, 2 ball pythons and an adder skeleton.

Vanquished Creatures
  A hound (D:3)
  An iguana (D:2)
  2 gnolls
  2 adders
  A worm (D:3)
  5 orcs (D:3)
  5 endoplasms
  3 giant cockroaches (D:1)
  11 goblins
  9 hobgoblins
  4 jackals (D:2)
  3 ball pythons
  3 bats
  2 frilled lizards
  6 kobolds
  6 rats
64 creatures vanquished.

Vanquished Creatures (others)
  10 plants (D:3)
10 creatures vanquished.

Grand Total: 74 creatures vanquished

Notes
Turn   | Place    | Note
-------+----------+-------------------------------------------
     0 | D:1      | Antesink77 the Troll Berserker began the quest for the Orb.
     0 | D:1      | Reached XP level 1. HP: 22/22 MP: 0/0
   130 | D:1      | Reached XP level 2. HP: 29/29 MP: 1/1
   164 | D:1      | Found a faded altar of an unknown god.
   454 | D:1      | Reached XP level 3. HP: 36/36 MP: 2/2
   731 | D:2      | Found Kikequoff's Antique Weapon Shoppe.
   822 | D:2      | Reached ** piety under Trog
   988 | D:2      | Reached skill level 4 in Unarmed Combat
   988 | D:2      | Reached XP level 4. HP: 10/45 MP: 3/3
  1204 | D:3      | Found Zyxydiar's General Store.
  1216 | D:3      | Bought a potion of heal wounds for 55 gold pieces
  1389 | D:3      | Reached XP level 5. HP: 50/53 MP: 4/4
  1442 | D:3      | Found a stormy altar of Qazlal.
  1442 | D:3      | Noticed a fire elemental
  1446 | D:3      | Noticed an air elemental
  1466 | D:3      | Noticed a water elemental
  1471 | D:3      | Fell from the grace of Trog
  1471 | D:3      | Became a worshipper of Qazlal Stormbringer
  1642 | D:4      | Noticed a polar bear
  1642 | D:4      | Noticed a black bear
  1642 | D:4      | Noticed a black bear
  1642 | D:4      | Noticed a polar bear
  1642 | D:4      | Noticed a black bear
  1643 | D:4      | Slain by a polar bear

Illustrated notes

Levels and vault maps discovered:
D:1:      mrwooster_arrival_statue_2, layout_basic,
          shapermc_ecumenical_altar_totnotflames
D:2:      layout_rooms, serial_shops, shop
D:3:      minmay_angry_zag, layout_basic, nicolae_qazlal_style_of_elements,
          serial_shops, nicolae_diamond_shop, st_stairs_14,
          serial_bayou_lagoon_a
D:4:      layout_cave_pods, cheibrodos_sewer_entry_bend, minmay_surrounded,
          uniq_natasha

Skill      XL: |  1  2  3  4 |
---------------+-------------+-----
Fighting       | 3 |  3.2
Unarmed Combat | 4 |  4.7
Dodging        | 3 |  3.2

Action                   |  1- 3 |  4- 6 || total
-------------------------+-------+-------++-------
Melee: Unarmed           |    88 |    64 ||   152
       Punch             |     2 |     1 ||     3
       Staff             |       |    10 ||    10
  Use: Scroll            |       |     3 ||     3
Armor: Animal skin       |    34 |    33 ||    67
Dodge: Dodged            |    62 |    60 ||   122
